 Dungeon Crawl Stone Soup version 0.25-a0-663-gace7076f2c (webtiles) character file.

Game seed: 5404904578000766303, levelgen mode: deterministic

74 cassie the Ducker (level 4, -1/21 HPs)
             Began as a Spriggan Conjurer on Mar 25, 2020.
             Succumbed to an adder's poison
             ... on level 3 of the Dungeon.
             The game lasted 00:08:17 (2265 turns).

cassie the Ducker (Spriggan Conjurer)               Turns: 2265, Time: 00:08:17

Health: -1/21      AC:  3    Str:  4    XL:     4   Next: 10%
Magic:  3/9        EV: 19    Int: 17    God:
Gold:   76         SH:  0    Dex: 16    Spells: 8/9 levels left

rFire    . . .     SeeInvis +   f - +0 club
rCold    . . .     Gourm    .   (shield restricted)
rNeg     . . .     Faith    .   a - +0 robe
rPois    .         Spirit   .   (helmet restricted)
rElec    .         Reflect  .   i - +0 cloak
rCorr    .         Harm     .   (gloves unavailable)
MR       .....                  (boots unavailable)
Stlth    ++........             (no amulet)
HPRegen  0.07/turn              (no ring)
MPRegen  0.11/turn              (no ring)

@: lethally poisoned (-1 -> -18), very quick
A: very small, unfitting armour, see invisible, herbivore, speed 3, slow
metabolism 2
a: no special abilities


You were on level 3 of the Dungeon.
You were not hungry.

You visited 1 branch of the dungeon, and saw 3 of its levels.

You collected 76 gold pieces.

Inventory:

Hand Weapons
 f - a +0 club (weapon)
 g - a +0 dagger
 n - a +0 falchion
 t - a +0 club
Missiles
 b - 31 bolts
 e - 23 arrows
 m - 3 poisoned darts (quivered)
Armour
 a - a +0 robe (worn)
 i - a +0 cloak (worn)
Jewellery
 u - an uncursed amulet of harm {unknown}
Scrolls
 j - a scroll of teleportation {unknown}
 p - a scroll of fog {unknown}
 q - a scroll of noise {unknown}
 r - 4 scrolls of remove curse {unknown}
 s - a scroll of enchant weapon {unknown}
Potions
 d - 2 potions of curing {unknown}
 h - a potion of mutation {unknown}
 k - a potion of brilliance {unknown}
 l - a potion of cancellation {unknown}
 o - 2 potions of ambrosia {unknown}
Comestibles
 c - 4 rations


   Skills:
 + Level 0.6 Maces & Flails
 + Level 0.1 Throwing
 + Level 3.6 Dodging
 + Level 3.2 Stealth
 + Level 3.3 Spellcasting
 + Level 3.6 Conjurations


You had 8 spell levels left.
You knew the following spells:

 Your Spells              Type           Power        Failure   Level  Hunger
a - Magic Dart            Conj           ###.         3%          1    None

Your spell library contained the following spells:

 Spells                   Type           Power        Failure   Level  Hunger
 Searing Ray              Conj           ###...       5%          2    ##.....
 Dazzling Flash           Conj/Hex       #.....       24%         3    ###....
 Fulminant Prism          Conj/Hex       #.........   63%         4    ####...
 Iskenderun's Mystic Bla  Conj/Tloc      #.......     63%         4    ####...


Dungeon Overview and Level Annotations

Branches:
Dungeon (3/15)

Altars:


Innate Abilities, Weirdness & Mutations

You are very small and have problems with some larger weapons.
You are too small for most types of armour.
You have supernaturally acute eyesight. (SInv)
You are a herbivore.
You cover ground extremely quickly.
You need to consume almost no food.


Message History

You barely miss the adder.
The adder is moderately wounded.
You feel sick. The adder bites you.
You are more poisoned.
The adder poisons you!
You closely miss the adder.
The adder is moderately wounded.
* * * LOW HITPOINT WARNING * * *
You feel sick. The adder barely misses you. The adder bites you.
* * * LOW HITPOINT WARNING * * *
You are more poisoned.
The adder poisons you!
Unknown command.
Unknown command.
The adder misses you.
* * * LOW HITPOINT WARNING * * *
You feel sick.
You barely miss the adder.
The adder is moderately wounded.
You die...

...(.
#...#
##†..##
#.....#
#.....#
#....(#
#.....#
#.@S.<#
##.####
...#
##...
....
#.....
#.....
..###.#


You could see an adder.

Vanquished Creatures
  3 adders
  2 dart slugs (D:1)
  2 leopard geckos (D:1)
  2 giant cockroaches (D:1)
  5 goblins
  6 hobgoblins
  3 jackals (D:2)
  A ball python (D:1)
  4 bats
  4 frilled lizards
  5 kobolds (D:1)
  4 rats
41 creatures vanquished.

Notes
Turn   | Place    | Note
-------+----------+-------------------------------------------
     0 | D:1      | cassie the Spriggan Conjurer began the quest for the Orb.
     0 | D:1      | Reached XP level 1. HP: 9/9 MP: 5/5
   226 | D:1      | Reached XP level 2. HP: 10/13 MP: 0/6
   837 | D:1      | Reached XP level 3. HP: 13/16 MP: 5/8
  1160 | D:1      | You fall into a shaft and drop 1 floor!
  2246 | D:3      | Reached XP level 4. HP: 21/21 MP: 1/9
  2264 | D:3      | HP: 1/21 [poisoned by an adder]
  2265 | D:3      | Succumbed to an adder's poison

Levels and vault maps discovered:
D:1:      mushboom_english_gardens, layout_basic
D:2:      layout_loops_cross
D:3:      layout_loops_cross, biasface_ghost_orc_armoury

Skill      XL: |  1  2  3 |
---------------+----------+-----
Conjurations   | 3 |  3.6
Spellcasting   | 3 |  3.3
Maces & Flails | |  0.6
Throwing       | |  0.1
Dodging        | |  3.6
Stealth        | |  3.2

Action                   |  1- 3 |  4- 6 || total
-------------------------+-------+-------++-------
Melee: Club              |    28 |    13 ||    41
Throw: Dart              |     9 |     2 ||    11
 Cast: Magic Dart        |    86 |     2 ||    88
Armor: Robe              |     8 |     2 ||    10
Dodge: Dodged            |    46 |    16 ||    62

Table legend:
 A = Non-vault XP
 B = Vault XP
 C = Vault XP percentage of total XP
 D = Non-vault monster count
 E = Vault monster count
 F = Vault count percentage of total count
                 A         B        C        D         E       F
            +---------+---------+-------+---------+---------+-------
      Total |     107 |       0 |   0.0 |      41 |       0 |   0.0
            +---------+---------+-------+---------+---------+-------
        D:1 |      48 |       0 |   0.0 |      27 |       0 |   0.0
        D:2 |      43 |       0 |   0.0 |      12 |       0 |   0.0
        D:3 |      16 |       0 |   0.0 |       2 |       0 |   0.0
            +---------+---------+-------+---------+---------+-------
